 Dungeon Crawl Stone Soup version 0.31-a0-164-g2312942fda (webtiles) character file.

Game seed: 12486759846469819279

75 sanka the Ducker (level 4, -5/31 HPs)
             Began as an Octopode Monk on June 13, 2023.
             Slain by Terence
             ... wielding a +4 mace of protection
              (9 damage)
             ... on level 3 of the Dungeon.
             The game lasted 00:02:40 (1787 turns).

sanka the Ducker (Octopode Monk)                    Turns: 1787, Time: 00:02:41

Health: -5/31      AC:  1    Str: 16    XL:     4   Next: 31%
Magic:  4/4        EV: 15    Int: 12    God:
Gold:   76         SH:  0    Dex: 16    Spells: 3/3 levels left

rFire   + .          .
                       - Unarmed
rCold   . . .        b - orb {light}
rNeg    . . .        (helmet restricted)
rPois   .            (no amulet)
rElec   .            i - +6 ring of strength
rCorr   .            j - ring of protection from fire
SInv    .            (no ring)
Will    .....        (no ring)
Stlth   +            (no ring)
HPRegen 0.25/turn    (no ring)
MPRegen 0.09/turn    (no ring)
                     (no ring)

%: no passive effects
@: glowing
A: almost no armour, amphibious, 8 rings, camouflage 1, gelatinous body 1,
(nimble swimmer 1), tentacles
a: no special abilities


You were on level 3 of the Dungeon.
You visited 1 branch of the dungeon, and saw 3 of its levels.

You collected 76 gold pieces.


Innate Abilities, Weirdness & Mutations

You cannot wear most types of armour.
You are amphibious.
You can wear up to eight rings at the same time.
Your skin changes colour to match your surroundings (Stealth+).
Your rubbery body absorbs attacks. (AC +1, EV +1)
((You are camouflaged when in or above water. (Stealth+)))
You have tentacles for arms and can constrict up to eight enemies at once.


   Skills:
 - Level 3.0 Fighting
 + Level 4.1 Dodging
 + Level 4.1 Unarmed Combat


You had 3 spell levels left.
You didn't know any spells.
Your spell library was empty.

Inventory:

Missiles
 l - 2 throwing nets {=f}
Armour
 b - an orb of light (worn)
Jewellery
 i - a +6 ring of strength (left tentacle)
 j - a ring of protection from fire (right tentacle)
Scrolls
 c - a scroll of teleportation {unknown}
 d - 3 scrolls of identify {unknown}
 e - a scroll of fog {unknown}
 f - 5 scrolls of enchant weapon {unknown}
 h - a scroll of immolation {unknown}
 k - a scroll of amnesia {unknown}
Potions
 a - a potion of ambrosia
 g - a potion of curing {unknown}
 m - a potion of lignification {unknown}

Dungeon Overview and Level Annotations

Branches:
Dungeon (3/15)

Altars:

Annotations:
D:3 Terence

▒▒.▒.▒.▒.▒
▒.......▒▒▒▒▒▒▒▒ ▒▒ ..
▒..▒.▒.........▒▒.▒▒▒.▒
▒..▒.....▒▒▒▒▒▒▒▒......
..▒▒▒▒▒..▒▒▒▒▒▒▒..▒▒.▒▒
.▒ ▒.........▒.▒... ▒
▒.▒▒▒.▒▒.▒▒... ▒.▒
▒.▒▒.▒▒@▒ ▒.▒ ▒.▒▒..x.▒
▒.▒ ▒.▒▒▒▒▒.▒ ▒.▒ ▒.▒
... ▒.▒ ▒.▒ .▒.▒ ▒.▒
▒.▒ .▒... ▒.▒ ▒.▒ .▒
▒.. ▒.▒ .. ▒.▒ ▒.▒ .▒
..


You could see Terence.


Message History

You tentacle-slap Terence but do no damage.
You tentacle-slap Terence, but do no damage.
You squeeze Terence, but do no damage.
Terence is moderately wounded.
You constrict Terence.
Terence hits you with a +4 mace of protection!
You tentacle-slap Terence but do no damage.
Terence is moderately wounded.
Terence hits you with a +4 mace of protection!
* * * LOW HITPOINT WARNING * * *
You tentacle-slap Terence but do no damage.
You squeeze Terence, but do no damage.
Terence is moderately wounded.
You constrict Terence.
Terence hits you with a +4 mace of protection!
* * * LOW HITPOINT WARNING * * *
You tentacle-slap Terence. You squeeze Terence, but do no damage.
Terence is heavily wounded.
You constrict Terence. Terence shouts, "Now you die!"
Terence completely misses you.
You tentacle-slap Terence but do no damage.
Terence is heavily wounded.
Terence completely misses you.
You tentacle-slap Terence but do no damage.
Terence is heavily wounded.
You constrict Terence.
Terence hits you with a +4 mace of protection!
You die...

Action                     |  1- 3 |  4- 6 || total
---------------------------+-------+-------++-------
  Melee: Unarmed           |    75 |    28 ||   103
         Constrict         |    28 |     7 ||    35
         Tentacles         |    21 |     8 ||    29
         Punch             |     2 |     1 ||     3
   Stab: Sleeping          |     3 |     1 ||     4
 Armour: Skin              |     8 |       ||     8
  Dodge: Dodged            |    51 |    12 ||    63

Levels and vault maps discovered:
D:1:      minmay_arrival_four_houses, layout_basic
D:2:      layout_loops_corners
D:3:      layout_loops_ring, gammafunk_temple_of_torment,
          biasface_ghost_orc_armoury, nicolae_concentric_dashed_squares_mild,
          hex_tiny, uniq_ijyb, uniq_terence

Notes
Turn   | Place    | Note
-------+----------+-------------------------------------------
     0 | D:1      | sanka the Octopode Monk began the quest for the Orb.
     0 | D:1      | Reached XP level 1. HP: 16/16 MP: 1/1
   103 | D:1      | Reached XP level 2. HP: 21/21 MP: 2/2
   523 | D:1      | Reached XP level 3. HP: 26/26 MP: 3/3
  1411 | D:2      | Reached skill level 4 in Dodging
  1411 | D:2      | Reached XP level 4. HP: 27/31 MP: 4/4
  1449 | D:2      | Reached skill level 4 in Unarmed Combat
  1778 | D:3      | Noticed Terence
  1784 | D:3      | HP: 3/31 [Terence/+4 mace of protection (8)]
  1787 | D:3      | Slain by Terence

Vanquished Creatures
  An adder (D:2)
  A worm (D:2)
  3 dart slugs
  4 endoplasms
  3 giant cockroaches
  2 goblins
  7 hobgoblins
  3 jackals (D:1)
  A quokka (D:1)
  5 ball pythons
  7 bats
  2 frilled lizards
  8 kobolds
  6 rats
53 creatures vanquished.
